cohdb
Replays
Latest Replays
All Replays
Popular Replays
Top Player Replays
Match Explorer
How It Works
Community
CoH3 Stats
Reddit
Sign in to upload your games and track your stats! →
Sign in with Steam
Match 45981101
Unlisted
Match 45981101
Overview
Messages
Build Orders
End
Panzergrenadier Squad
Selects Armored Support Battlegroup
Panzergrenadier Squad
Panzergrenadier Squad
Construct Light Support Kompanie
Selects Veteran Gunners
2.5-tonne Medical Truck
Fire Support Elements
Assault Mechanized Group
Veteran Squad Leaders
Selects Flammpanzer III Medium Tank
Flammpanzer III Medium Tank
Construct Panzerarmee Kommand
2.5-tonne Medical Truck
Seven
mi prima de Cifuentes
aukim4897
CJladkiu
Path of Pain
A'killa
0
0
Comments
sign in to comment!
No comments posted yet!